cohdb
Replays
Latest Replays
All Replays
Popular Replays
Top Player Replays
Match Explorer
How It Works
Community
CoH3 Stats
Reddit
Sign in to upload your games and track your stats! →
Sign in with Steam
Match 40942109
Unlisted
Match 40942109
Overview
Messages
Build Orders
End
Panzergrenadier Squad
250 Light Carrier
Panzergrenadier Squad
Selects Italian Infantry
Panzergrenadier Squad
Construct Light Support Kompanie
2.5-tonne Medical Truck
Fire Support Elements
Selects Guastatori Squad
Combat Half-tracks
MG34 Team
Pak 38 Anti-tank Gun Team
Selects Registered Artillery
Construct Panzerarmee Kommand
Panzerpioneer Squad
Selects Towed Cannone da 105/28 Field Howitzer
Towed Cannone da 105/28 Field Howitzer
Armored Reserves
Veteran Squad Leaders
Selects Sound the Alarm
Selects Defensive Operations
Tiger Heavy Tank
Construct Mechanized Kompanie
Emergency Repair Kits
Selects Prepared Positions
Selects Obice 305mm Barrage
Obice 305mm Barrage
一千個妓女的兒子
Adelfos88
likewind3
ShoulderGuy
Not Emily Willis™
Just Another French Alt
0
0
Comments
sign in to comment!
No comments posted yet!